 Dungeon Crawl Stone Soup version 0.18-b1-16-g289874d (webtiles) character file.

3425 nikopol the Spear-Bearer (level 9, -2/123 HPs)
             Began as a Minotaur Berserker on May 1, 2016.
             Was an Elder of Trog.
             Shot with an arrow by a centaur (5 damage)
             ... on level 5 of the Dungeon.
             The game lasted 00:19:13 (4942 turns).

nikopol the Spear-Bearer (Minotaur Berserker)       Turns: 4942, Time: 00:19:13

Health: -2/123     AC:  8    Str: 28    XL:     9   Next: 76%
Magic:  17/17      EV: 15    Int: 11    God:    Trog [****..]
Gold:   232        SH:  0    Dex: 12    Spells: 0 memorised, 8 levels left

rFire  . . .     SeeInvis .     a - +0 spear
rCold  . . .     Gourm    .     O - +1 leather armour of Nuimow {Int+5 Slay+3} (curse)
rNeg   . . .     Faith    .     (no shield)
rPois  .         Spirit   .     (helmet restricted)
rElec  .         Dismiss  .     w - +0 cloak {MR+}
rCorr  .         Reflect  .     (no gloves)
SustAt .         Harm     .     s - +0 pair of boots
MR     +....                    (no amulet)
Stlth  ..........               H - ring of magical power
                                p - +2 ring of intelligence

@: berserking, very quick, somewhat resistant to hostile enchantments, extremely
unstealthy
A: retaliatory headbutt, horns 2
a: Berserk, Trog's Hand, Brothers in Arms, Burn Spellbooks, Renounce Religion


You were on level 5 of the Dungeon.
You worshipped Trog.
Trog was greatly pleased with you.
You were hungry.

You visited 1 branch of the dungeon, and saw 8 of its levels.

You collected 232 gold pieces.

Inventory:

Hand Weapons
 a - a +0 spear (weapon)
 C - a +0 scythe
Armour
 b - a +0 animal skin
 g - a +0 ring mail
 s - a +0 pair of boots (worn)
 w - a +0 cloak of magic resistance (worn)
 O - the cursed +1 leather armour of Nuimow (worn) {Int+5 Slay+3}
   (You found it on level 7 of the Dungeon)

   It affects your intelligence (+5).
   It affects your accuracy and damage with ranged weapons and melee attacks
   (+3).
   It has a curse placed upon it.
 Q - the +4 ring mail "Ibum" {Regen+ Int+5 Dex+2, unknown}
   (You found it on level 5 of the Dungeon)

   It affects your intelligence (+5).
   It affects your dexterity (+2).
   It increases your rate of regeneration.
Jewellery
 p - a +2 ring of intelligence (left hand)
 F - an uncursed ring of fire
 H - a ring of magical power (right hand)
Wands
 v - a wand of polymorph (4/24)
 x - a wand of acid (5/15)
 M - a wand of polymorph (9/24)
Scrolls
 d - 7 scrolls of identify {unknown}
 e - a scroll of teleportation {unknown}
 f - 3 scrolls of amnesia {unknown}
 j - 2 scrolls of immolation {unknown}
 k - 4 scrolls of random uselessness {unknown}
 l - 3 scrolls of remove curse {unknown}
 o - a scroll of blinking {unknown}
 t - a scroll of recharging {unknown}
 y - 2 scrolls of enchant weapon {unknown}
 z - 2 scrolls of noise {unknown}
 K - a scroll of holy word {unknown}
 P - a scroll of magic mapping {unknown}
Potions
 h - a potion of haste {unknown}
 m - a potion of cure mutation {unknown}
 n - a potion of curing {unknown}
 r - a potion of brilliance {unknown}
 u - a potion of might {unknown}
 A - a potion of mutation {unknown}
 B - a potion of cancellation {unknown}
 D - a potion of agility {unknown}
 E - a potion of resistance {unknown}
 I - a potion of lignification {unknown}
 J - a potion of berserk rage {unknown}
 L - a potion of ambrosia {unknown}
Comestibles
 c - 4 bread rations
 i - 4 beef jerkies
 q - a slice of pizza
 G - 2 meat rations
 N - 3 chunks of flesh


   Skills:
 + Level 8.9 Fighting
 + Level 9.0 Polearms
 + Level 9.0 Armour
 + Level 8.1 Dodging


You had 8 spell levels left.
You didn't know any spells.

Dungeon Overview and Level Annotations

Branches:
Dungeon (8/15)
 Temple: D:4-7         Lair: D:8-11

Altars:
Cheibriados
Dithmenos
Gozag
Makhleb
Qazlal
Xom

Annotations:
D:8 Maurice


Innate Abilities, Weirdness & Mutations

You reflexively headbutt those who attack you in melee.
You have a pair of horns on your head.


Message History

The centaur is lightly wounded.
Attack whom?
Press: ? - help, Dir - move target cursor, f/p - centaur
Aim: a centaur, wielding a shortbow of freezing (lightly wounded)
You reach to attack!
You puncture the centaur!
The centaur is almost dead.
You closely miss the orc wizard. You headbutt the orc wizard!
The orc wizard is almost dead.
You puncture the orc wizard!
You kill the orc wizard!
Trog accepts your kill.
Trog appreciates your killing of a magic user.
Your Armour skill increases to level 9!
Attack whom?
Press: ? - help, Dir - move target cursor, f/p - centaur
Aim: a centaur, wielding a shortbow of freezing (almost dead)
You reach to attack!
You hit the centaur.
The centaur is almost dead.
The centaur shoots an arrow.
The arrow hits you.
You die...

........## #.......#
.........#### #.......#
............## #.......#
....###......###.......#
<#...####.)...##.).....#
...)....).....)#.%.....#.
.##..########..c.(.oco...
........ ..##..)########.
......####.##...@....#
.....## #.##...####....
.#....## #.###... #
####....##.# #.... #
###.....####....
########.>.......
##..........###....
.......##.#.# #.
.##....##....#


You could see a centaur.

Vanquished Creatures
  Erolcha (D:8)
  The ghost of dwasdwasdwas the Covered, a novice HOAK of Lugonu (D:5)
  Prince Ribbit (D:5)
  The ghost of ThereIsNoGod the Ducker, an amateur MfGl (D:3)
  Sigmund (D:3)
  Grum (D:8)
  An orc warrior (D:6)
  2 ogres
  4 wolves (D:8)
  A big kobold (D:8)
  A giant frog (D:7)
  2 jellies (D:8)
  A crimson imp (D:5)
  3 hounds
  3 giant frog zombies
  2 centaur skeletons
  An orc priest (D:4)
  5 orc wizards
  Crazy Yiuf (D:2)
  An iguana (D:5)
  4 worker ants
  2 worker ant zombies (D:5)
  8 gnolls
  5 adders
  An ooze (D:2)
  An adder skeleton (D:4)
  6 dart slugs
  4 giant geckos
  16 orcs
  3 bats
  6 giant cockroaches
  6 goblins
  5 hobgoblins
  4 jackals (D:5)
  A quokka (D:7)
  A ball python (D:1)
  3 giant newts
  11 kobolds
  A quokka skeleton (D:5)
  3 rats
  2 fungi (D:2)
127 creatures vanquished.

Notes
Turn   | Place    | Note
--------------------------------------------------------------
     0 | D:1      | nikopol the Minotaur Berserker began the quest for the Orb.
     0 | D:1      | Reached XP level 1. HP: 19/19 MP: 0/0
   205 | D:1      | Reached XP level 2. HP: 27/27 MP: 1/1
   509 | D:2      | Found a shimmering altar of Xom.
   765 | D:2      | Reached XP level 3. HP: 31/33 MP: 2/2
  1410 | D:2      | Reached ** piety under Trog
  1415 | D:2      | Reached XP level 4. HP: 40/40 MP: 3/3
  1521 | D:2      | Noticed Crazy Yiuf
  1524 | D:2      | Killed Crazy Yiuf
  1734 | D:3      | Found a stormy altar of Qazlal.
  1812 | D:3      | Noticed Sigmund
  1855 | D:3      | Killed Sigmund
  1855 | D:3      | Reached skill level 5 in Polearms
  1855 | D:3      | Reached XP level 5. HP: 35/47 MP: 4/4
  1855 | D:3      | Reached XP level 6. HP: 41/55 MP: 5/5
  2073 | D:3      | Noticed ThereIsNoGod's ghost (amateur MfGl)
  2086 | D:3      | Killed ThereIsNoGod's ghost
  2086 | D:3      | Reached skill level 5 in Fighting
  2086 | D:3      | Reached skill level 5 in Armour
  2459 | D:4      | Reached XP level 7. HP: 37/61 MP: 6/6
  2680 | D:4      | Reached *** piety under Trog
  2789 | D:4      | Reached skill level 5 in Dodging
  3036 | D:4      | Found an opulent altar of Gozag.
  3307 | D:5      | Entered Level 5 of the Dungeon
  3346 | D:5      | You fall through a shaft for 3 floors!
  3357 | D:8      | Noticed Grum
  3364 | D:8      | Reached XP level 8. HP: 69/71 MP: 7/7
  3535 | D:8      | Killed Grum
  3797 | D:8      | Found a shadowy altar of Dithmenos.
  4108 | D:8      | Noticed Erolcha
  4131 | D:8      | Killed Erolcha
  4131 | D:8      | Reached XP level 9. HP: 16/81 MP: 8/8
  4429 | D:8      | Noticed Maurice
  4516 | D:7      | Got a fine leather armour
  4544 | D:6      | Found a burning altar of Makhleb.
  4545 | D:6      | Found a snail-covered altar of Cheibriados.
  4762 | D:5      | Got a pitted ring mail
  4777 | D:5      | Identified the cursed +1 leather armour of Nuimow {Int+5 Slay+3} (You found it on level 7 of the Dungeon)
  4819 | D:5      | Noticed Prince Ribbit
  4847 | D:5      | Killed Prince Ribbit
  4894 | D:5      | Reached **** piety under Trog
  4898 | D:5      | Noticed dwasdwasdwas's ghost (novice HOAK)
  4937 | D:5      | Killed dwasdwasdwas's ghost
  4937 | D:5      | HP: 3/123 [centaur/arrow (6)]
  4942 | D:5      | Shot with an arrow by a centaur

Skill      XL: |  1  2  3  4  5  6  7  8  9 |
---------------+----------------------------+-----
Armour         | 3 4 5 6 7 9 |  9.0
Fighting       | 4 5 6 8 |  8.9
Polearms       | 4 5 6 8 9 |  9.0
Dodging        | 3 4 5 7 8 |  8.1

Action                   |  1- 3 |  4- 6 |  7- 9 || total
-------------------------+-------+-------+-------++-------
Melee: Spear             |    79 |   114 |   321 ||   514
       Headbutt          |     5 |    18 |    56 ||    79
Invok: Berserk           |       |     2 |     3 ||     5
  Eat: Chunk             |     1 |     6 |     8 ||    15
       Pizza             |       |       |     1 ||     1
Armor: Ring mail         |    13 |    15 |    42 ||    70
       Leather armour    |       |       |    13 ||    13
Dodge: Dodged            |    18 |    32 |   138 ||   188
